 Dungeon Crawl Stone Soup version 0.32-a0-961-gd60f5e5fc7 (webtiles) character file.

Game seed: 4341968697081946761

6702 whatisthis the Frost Mage (level 11, 0/65 (68) HPs)
             Began as a Barachi Ice Elementalist on Apr 17, 2024.
             Was a Believer of Vehumet.
             Killed from afar by an electric eel (4 damage)
             ... with a bolt of electricity
             ... on level 8 of the Dungeon.
             The game lasted 00:26:18 (8485 turns).

whatisthis the Frost Mage (BaIE)                    Turns: 8485, Time: 00:26:19

HP:   0/65 (68)     AC: 21    Str: 10    XL:     11   Next: 3%
MP:   19/25         EV: 11    Int: 26    God:    Vehumet [**....]
Gold: 422           SH:  0    Dex: 12    Spells: 21/30 levels left

rFire   + . .        l - +5 quarterstaff of Sequestration {venom, rF+}
rCold   . . .        (shield currently unavailable)
rNeg    . . .        f - +0 steam dragon scales
rPois   .            (no helmet)
rElec   .            r - +2 cloak
rCorr   .            (no gloves)
SInv    +            n - +2 pair of boots
Will    .....        (no amulet)
Stlth   ++           d - ring of see invisible
HPRegen 0.30/turn    j - +6 ring of intelligence
MPRegen 0.19/turn

%: no passive effects
@: ice-armoured, freezing walls, lightly drained, slow
A: amphibious, slowness 1, strong legs 1, +LOS
a: Hop, Renounce Religion


You were on level 8 of the Dungeon.
You worshipped Vehumet.
Vehumet was pleased with you.
You visited 2 branches of the dungeon, and saw 9 of its levels.

You collected 422 gold pieces.

Inventory:

Hand Weapons
 l - the +5 quarterstaff of Sequestration (weapon) {venom, rF+}
   (You found it on level 2 of the Dungeon)

   rF+:       It protects you from fire.
Missiles
 h - 10 poisoned darts (quivered)
 m - a throwing net
 A - a curare-tipped dart
Armour
 f - +0 steam dragon scales (worn)
 n - a +2 pair of boots (worn)
 r - a +2 cloak (worn)
Jewellery
 d - a ring of see invisible (left hand)
 j - a +6 ring of intelligence (right hand)
Wands
 s - a wand of roots (3)
 B - a wand of paralysis (14)
Scrolls
 a - a scroll of enchant armour
 g - 7 scrolls of teleportation
 q - 2 scrolls of blinking
 t - a scroll of brand weapon
 v - a scroll of amnesia
 x - a scroll of revelation {unknown}
 y - 3 scrolls of poison
Potions
 b - 2 potions of magic
 c - 5 potions of heal wounds
 e - 6 potions of curing
 k - 2 potions of haste {unknown}
 o - 2 potions of berserk rage {unknown}
 p - a potion of resistance {unknown}
 u - 2 potions of attraction {unknown}
 w - 2 potions of brilliance {unknown}
 z - a potion of enlightenment {unknown}
 C - a potion of mutation {unknown}
Miscellaneous
 i - a phantom mirror (inert)


   Skills:
 - Level 2.1 Dodging
 - Level 1.7 Stealth
 + Level 10.1 Spellcasting
 + Level 10.0 Conjurations
 + Level 12.4 Ice Magic


You had 21 spell levels left.
You knew the following spells:

 Your Spells              Type           Power      Damage    Failure   Level
a - Freeze                Ice            100%       1d10      1%          1
b - Frozen Ramparts       Ice            100%       1d16      1%          3
c - Ozocubu's Armour      Ice            67%        N/A       1%          3
d - Searing Ray           Conj           100%       2d8       1%          2

Your spell library contained the following spells:

 Spells                   Type           Power      Damage    Failure   Level
 Sting                    Conj/Alch      100%       1d9       1%          1
 Summon Ice Beast         Ice/Summ       45%        N/A       1%          3
 Apportation              Tloc           26%        N/A       4%          1
 Necrotise                Necr           52%        1d6       4%          1
 Summon Small Mammal      Summ           52%        N/A       4%          1
 Fulminant Prism          Conj/Alch      19%        3d10      6%          4
 Iskenderun's Mystic Bla Conj/Tloc 39%            2d9        (+2d4     6%          4
 Cigotuvi's Dreadful Rot  Necr/Alch/Air  26%        N/A       7%          2
 Volatile Blastmotes      Fire/Tloc      26%        2d12      14%         3
 Dispel Undead            Necr           13%        3d9       41%         4
 Martyr's Knell           Necr/Summ      13%        N/A       41%         4


Dungeon Overview and Level Annotations

Branches:
Dungeon (8/15)             Temple (1/1) D:4
   Lair: D:8-11

Altars:
Ashenzari
Cheibriados
Dithmenos
Elyvilon
Gozag
Hepliaklqana
Makhleb
Nemelex Xobeh
Okawaru
Qazlal
Ru
Sif Muna
Trog
Uskayaw
Vehumet
Wu Jian
Xom
Yredelemnul
Zin
The Shining One

Annotations:
D:4 2 runed translucent doors, Orlauf's ghost, amateur DsGl


Innate Abilities, Weirdness & Mutations

You are amphibious.
You cover ground slowly.
You can hop short distances.
You have an extended range of vision and can be seen from far away.


Message History

You see here a +0 orcbow.
You enter the shallow water.
The electric eel shoots out a bolt of lightning at you!
The bolt of electricity hits the electric eel.
The electric eel completely resists.
The bolt of electricity hits you!
The electric eel shoots out a bolt of lightning at you!
The bolt of electricity hits you!
An electric eel comes into view.
The electric eel shoots out a bolt of lightning at you!
The bolt of electricity hits the plant.
The plant begins to die.
The bolt of electricity hits you!
A bullfrog comes into view.
The electric eel shoots out a bolt of lightning at you!
The bolt of electricity hits the plant!
The bolt of electricity hits you!
Okay, then.
Aiming: Fastroot
Press: ? - help, Shift-Dir - straight line
Okay, then.
The bullfrog croaks.
The electric eel shoots out a bolt of lightning at you!
The bolt of electricity misses you. The bolt of electricity hits you.
Casting: Frozen Ramparts (safe; 1% risk of failure)
Confirm with . or Enter, or press ? or * to list all spells.
Casting: Frozen Ramparts (safe; 1% risk of failure)
Press: ? - help, Dir - look around, f - activate The walls around you are covered in ice.
The electric eel shoots out a bolt of lightning at you!
The bolt of electricity hits you!
* * * LOW HITPOINT WARNING * * *
The bolt of electricity hits you!
* * * LOW HITPOINT WARNING * * *
The bolt of electricity hits the electric eel.
The electric eel completely resists.
Casting: Frozen Ramparts (safe; 1% risk of failure)
Confirm with . or Enter, or press ? or * to list all spells.
A film of ice covers your body! The bullfrog hits you.
* * * LOW HITPOINT WARNING * * *
The electric eel shoots out a bolt of lightning at you!
The bolt of electricity misses you. The bolt of electricity hits you.
You die...

~≈≈S ≈≈≈S≈
~≈≈.
≈≈≈SS≈≈≈
.~≈.
~≈≈≈≈≈≈≈
..~.
≈F≈≈≈≈≈≈
....
~≈≈≈≈≈≈≈≈
....
♣~P≈≈≈≈≈≈≈
....
#♣~♣~≈≈≈≈≈≈≈
....
#.♣♣~~≈≈≈≈~~
....
#.@S~~~P≈≈♣
....
##♣FP♣~~P~~
....
#..~~~~~~~~~
.###
#)#♣~~~P~♣~~
.# #.#
♣~~~~~~~ .#
#.# ♣~P~~~♣
.# #.#
♣~~~~♣ .#
#.# P~♣~# ##
########.#
.♣ .


You could see a bullfrog and an electric eel.

Vanquished Creatures
  2 two-headed ogres (D:7)
  The ghost of JeszeEnbee the Fighter, a novice OpDe of Gozag (D:7)
  Pikel (D:5)
  Maurice (D:7)
  Jeremiah (D:7)
  Maggie (D:7)
  Prince Ribbit (D:6)
  A wyvern (D:8)
  A steam dragon (D:6)
  A sky beast (D:6)
  A black bear (D:5)
  2 ice beasts
  A wolf (D:8)
  2 boggarts (D:7)
  3 centaurs
  2 lemures (D:5)
  3 phantoms
  4 bullfrogs
  2 kobold brigands (D:7)
  2 scorpions (D:5)
  11 wights
  5 killer bees (D:8)
  A howler monkey (D:5)
  2 bombardier beetles
  7 hounds
  2 orc priests
  A sleepcap (D:6)
  4 iguanas
  Ijyb (D:4)
  2 orc wizards (D:6)
  4 gnolls (D:6)
  7 adders
  2 white imps (D:6)
  A dart slug (D:4)
  3 ribbon worms
  24 orcs
  5 endoplasms
  3 giant cockroaches
  5 goblins
  7 hobgoblins
  5 jackals
  A quokka (D:1)
  6 ball pythons
  6 bats
  A frilled lizard (D:2)
  12 kobolds
  5 rats
166 creatures vanquished.

Notes
Turn   | Place    | Note
-------+----------+-------------------------------------------
     0 | D:1      | whatisthis the Barachi Ice Elementalist began the quest for
                  | the Orb.
     0 | D:1      | Reached XP level 1. HP: 13/13 MP: 3/3
   151 | D:1      | Reached skill level 5 in Ice Magic
   227 | D:1      | Reached XP level 2. HP: 17/19 MP: 1/5
  1027 | D:2      | Reached XP level 3. HP: 24/24 MP: 3/7
  1031 | D:2      | Learned a level 3 spell: Frozen Ramparts
  1035 | D:2      | Learned a level 3 spell: Ozocubu's Armour
  1184 | D:2      | Identified the +5 quarterstaff of Sequestration {venom,
                  | rF+}
  1875 | D:3      | Reached XP level 4. HP: 30/30 MP: 9/9
  1899 | D:3      | Reached skill level 6 in Ice Magic
  2033 | D:3      | Noticed a scorpion
  2084 | D:3      | Found a radiant altar of Vehumet.
  2168 | D:3      | Became a worshipper of Vehumet
  2194 | D:3      | Found a white marble altar of Elyvilon.
  2377 | D:4      | Found a staircase to the Ecumenical Temple.
  2398 | D:4      | Found a runed translucent door.
  2398 | D:4      | Noticed Orlauf's ghost (amateur DsGl)
  2456 | D:4      | Reached XP level 5. HP: 35/35 MP: 6/10
  2483 | D:4      | Noticed Ijyb
  2493 | D:4      | Killed Ijyb
  2494 | D:4      | Reached skill level 1 in Conjurations
  2514 | Temple   | Entered the Ecumenical Temple
  2677 | D:4      | Reached XP level 6. HP: 41/41 MP: 12/12
  2985 | D:4      | Found a runed translucent door.
  3068 | D:4      | Found an ornate altar of the Wu Jian Council.
  3168 | D:4      | Found a snail-covered altar of Cheibriados.
  3198 | D:4      | Reached skill level 7 in Ice Magic
  3430 | D:4      | Found a shadowy altar of Dithmenos.
  3446 | D:4      | Reached * piety under Vehumet
  3446 | D:4      | Offered knowledge of Sandblast by Vehumet.
  3575 | D:4      | Found a broken altar of Ashenzari.
  3575 | D:4      | Found a basalt altar of Yredelemnul.
  3582 | D:4      | Found a faded altar of an unknown god.
  3584 | D:4      | Found a glowing silver altar of Zin.
  3586 | D:4      | Found a faded altar of an unknown god.
  3616 | D:5      | Entered Level 5 of the Dungeon
  3628 | D:5      | Reached skill level 5 in Spellcasting
  3628 | D:5      | Reached XP level 7. HP: 46/46 MP: 10/14
  4000 | D:5      | Reached skill level 8 in Ice Magic
  4012 | D:5      | Reached XP level 8. HP: 52/52 MP: 11/16
  4131 | D:5      | Found a sacrificial altar of Ru.
  4325 | D:5      | Noticed Pikel
  4340 | D:5      | Killed Pikel
  4341 | D:5      | Reached skill level 5 in Conjurations
  4341 | D:5      | Reached skill level 9 in Ice Magic
  4778 | D:6      | Found a shimmering altar of Xom.
  4782 | D:6      | Noticed Prince Ribbit
  4790 | D:6      | Killed Prince Ribbit
  4791 | D:6      | Reached XP level 9. HP: 55/57 MP: 15/19
  5712 | D:6      | Reached skill level 10 in Ice Magic
  5772 | D:6      | Found an opulent altar of Gozag.
  6233 | D:7      | Noticed Maurice
  6335 | D:7      | Killed Maurice
  6420 | D:7      | Noticed Maggie
  6439 | D:7      | Killed Maggie
  6440 | D:7      | Reached XP level 10. HP: 63/63 MP: 18/22
  6470 | D:7      | Found a runed translucent door.
  6472 | D:7      | Noticed JeszeEnbee's ghost (novice OpDe)
  6601 | D:7      | Noticed Jeremiah
  6630 | D:7      | Killed Jeremiah
  6631 | D:7      | Reached skill level 11 in Ice Magic
  6653 | D:7      | Noticed a two-headed ogre
  6663 | D:7      | Killed a two-headed ogre
  6767 | D:7      | Noticed a two-headed ogre
  6779 | D:7      | Killed a two-headed ogre
  7416 | D:7      | Killed JeszeEnbee's ghost
  7417 | D:7      | Reached skill level 12 in Ice Magic
  7840 | D:8      | Reached ** piety under Vehumet
  7925 | D:8      | Offered knowledge of Searing Ray by Vehumet.
  7934 | D:8      | Learned a level 2 spell: Searing Ray
  8168 | D:8      | Reached skill level 10 in Spellcasting
  8295 | D:8      | Reached XP level 11. HP: 38/61 MP: 21/25
  8412 | D:8      | Reached skill level 10 in Conjurations
  8423 | D:8      | Noticed a two-headed ogre
  8485 | D:8      | Killed from afar by an electric eel

Illustrated notes

Levels and vault maps discovered:
D:1:      nagdon_arrival_double_spiral, layout_rooms
D:2:      layout_basic, minivault_14
D:3:      layout_rooms, mainiacjoe_overflow_tiny_flanked,
          mainiacjoe_overflow_alcove_2, lightli_corner_chamber
D:4:      layout_rooms, grunt_dithmenos_smoke_and_mirrors,
          chequers_temple_overflow_minitemple, nicolae_wu_jian_wuxing_cycle,
          cheibrodos_worm_habitat, minmay_temple_entry_offerings,
          ebering_ghost_sewer_f, bh_walls_and_bars, uniq_ijyb
D:5:      layout_basic, general_overflow_altar, uniq_pikel
D:6:      layout_loops_cross, grunt_gozag_breadcrumbs, lemuel_doored_altar,
          nicolae_elevator_lobby_asterisk, uniq_prince_ribbit1
D:7:      layout_loops_cross, hellmonk_ghost_happy_afterlife,
          nicolae_phantomly_mirrored, uniq_maggie, uniq_maurice, uniq_jeremiah
D:8:      layout_basic, marbit_many_paths, erik_lair_island, serial_bayou,
          serial_bayou_lagoon_a, serial_bayou_lake_a, serial_bayou_crossing,
          serial_bayou_pond_d, kennysheep_decorative_pillar
Temple:   compressed_dpeg_triangle_lava_temple

Skill      XL: |  1  2  3  4  5  6  7  8  9 10 11 |
---------------+----------------------------------+-----
Ice Magic      | 5 6 7 8 9 10 12 | 12.4
Spellcasting   | 3 4 5 7 8 10 | 10.1
Conjurations   | 2 3 4 6 8 9 10 | 10.0
Dodging        | |  2.1
Stealth        | |  1.7

Action                     |  1- 3 |  4- 6 |  7- 9 | 10-12 || total
---------------------------+-------+-------+-------+-------++-------
  Melee: Unarmed           |    10 |       |       |       ||    10
         Dagger            |     1 |       |       |       ||     1
         Quarterstaff      |     9 |    64 |    90 |    62 ||   225
         Short sword       |     9 |       |       |       ||     9
  Throw: Dart              |       |       |    17 |    23 ||    40
         Throwing net      |       |       |       |     1 ||     1
   Cast: Freeze            |    29 |       |       |       ||    29
         Frozen Ramparts   |     3 |    18 |    29 |    25 ||    75
         Ozocubu's Armour  |     1 |     2 |    14 |    12 ||    29
         Searing Ray       |       |       |       |     3 ||     3
Ability: Hop               |       |       |     2 |       ||     2
  Evoke: Wand              |       |       |     5 |     1 ||     6
         Phantom mirror    |       |       |       |     1 ||     1
    Use: Scroll            |       |       |    10 |     1 ||    11
   Stab: Sleeping          |     2 |     2 |       |       ||     4
         Paralysed         |       |       |     7 |       ||     7
 Armour: Robe              |    22 |    54 |    72 |       ||   148
         Steam dragon scal |       |       |       |    78 ||    78
  Dodge: Dodged            |    32 |    34 |    46 |    55 ||   167

Table legend: (Time is in decaauts)
 A = Elapsed time spent in this place.
 B = Non-inter-level travel time spent in this place.
 C = Inter-level travel time spent in this place.
 D = Time resting spent in this place.
 E = Time spent auto-exploring this place.
 F = Levels seen in this place.
 G = Mean time per level.
                   A        B        C        D        E       F      G
               +--------+--------+--------+--------+--------+-----+--------+
         Total |   9493 |   8926 |    567 |   1228 |   5516 |   9 | 1054.8 |
       Dungeon |   9381 |   8814 |    567 |   1118 |   5516 |   8 | 1172.6 |
        Temple |    111 |    111 |      0 |    110 |      0 |   1 |  111.0 |
               +--------+--------+--------+--------+--------+-----+--------+

Top non-repeatable levels by time:
     D:7: 1784 daAuts
     D:4: 1355 daAuts
     D:5: 1248 daAuts
     D:6: 1213 daAuts
     D:2: 1071 daAuts
     D:8: 1045 daAuts
     D:1: 969 daAuts
     D:3: 693 daAuts
  Temple: 111 daAuts
